 Dungeon Crawl Stone Soup version 0.19-GnollCrawlA-1-g03664ee (webtiles) character file.

496 TittyCrusher the Ruffian (level 1, -4/22 HPs)
             Began as a Troll Berserker on Jan 25, 2018.
             Was a Priest of Trog.
             Slain by a gnoll
             ... wielding a +0 halberd
              (12 damage)
             ... on level 3 of the Dungeon.
             The game lasted 00:09:22 (2306 turns).

TittyCrusher the Ruffian (Troll Berserker)          Turns: 2306, Time: 00:09:23

Health: -4/22      AC:  5    Str: 24    XL:     1   Next: 0%
Magic:  0/0        EV: 10    Int:  3    God:    Trog [***...]
Gold:   123        SH:  0    Dex:  9    Spells: 0 memorised, 0 levels left

rFire  + . .     SeeInvis .       - Unarmed
rCold  . . .     Gourm    +     a - +0 animal skin
rNeg   . . .     Faith    +     (no shield)
rPois  .         Spirit   .     (helmet restricted)
rElec  .         Dismiss  .     (no cloak)
rCorr  .         Reflect  .     (gloves unavailable)
SustAt .         Harm     .     (boots unavailable)
MR     .....                    i - amulet of faith
Stlth  +.........               (no ring)
                                c - ring of protection from fire

@:
A: unfitting armour, claws 3, fast metabolism 3, gourmand, regeneration 2,
shaggy fur 1, tough skin 2
a: Berserk, Trog's Hand, Burn Spellbooks, Renounce Religion


You were on level 3 of the Dungeon.
You worshipped Trog.
Trog was most pleased with you.
You were completely stuffed.

You visited 1 branch of the dungeon, and saw 3 of its levels.

You collected 123 gold pieces.

Inventory:

Missiles
 e - 22 poisoned needles
Armour
 a - a +0 animal skin (worn)
Jewellery
 c - a ring of protection from fire (left claw)
 i - an amulet of faith (around neck)
Scrolls
 d - a scroll of identify {unknown}
 k - a scroll of enchant weapon {unknown}
 n - a scroll of enchant armour {unknown}
 p - a scroll of remove curse {unknown}
 q - a scroll of random uselessness {unknown}
Potions
 f - a potion of resistance {unknown}
 j - a potion of cancellation {unknown}
 m - a potion of brilliance {unknown}
Books
 l - a book of Geomancy

   Spells                             Type                      Level
   a - Sandblast                      Earth                        1
   b - Passwall                       Transmutation/Earth          2
   c - Stone Arrow                    Conjuration/Earth            3
   d - Petrify                        Transmutation/Earth          4
   e - Lee's Rapid Deconstruction     Earth                        5
   Trog disapproves of the use of such an item.
Comestibles
 b - 5 bread rations
 g - 3 meat rations
 h - a beef jerky
 o - 4 chunks of flesh


   Skills:
 - Level 2.4 Fighting
 - Level 2.4 Dodging
 + Level 3.0 Unarmed Combat


You couldn't memorise any spells.
You didn't know any spells.

Dungeon Overview and Level Annotations

Branches:
Dungeon (3/15)             Temple (0/1) D:2

Altars:


Innate Abilities, Weirdness & Mutations

You are too large for most types of armour.
You have claws for hands.
Your metabolism is lightning-fast.
You like to eat raw meat.
You heal very quickly.
You are covered in fur. (AC +1)
You have very tough skin. (AC +2)


Message History

A gnoll is nearby!
You claw the gnoll!
You kill the gnoll!
Trog accepts your kill.
No target in view!
No target in view!
No target in view!
You see here a club.
The gnoll is too close now for your liking.
The gnoll shouts!
You see here 8 gold pieces.
You now have 123 gold pieces (gained 8).
The gnoll hits you with a halberd!
Ouch! That really hurt!
You barely miss the gnoll. The gnoll hits you with a halberd.
You claw the gnoll!
The gnoll is severely wounded.
The gnoll hits you with a halberd!
Ouch! That really hurt!
You die...

.<........<#.#
...#.#####.##.#.# .....
.....#.#[# ....
......#.#.#
###..#######.#.#.# #.
............#.# #.
#.#######.###.#
###.##.##.#######.###.##
......g@.....)....).....
###.##.#........(.....##
#.#.#..##.#........
#.#.##.##....#.###.
..#.##..######.# .
###.###.# #.# ..# .. #.#
... ... #.# #.####


You could see a gnoll.

Vanquished Creatures
  50 gnolls
50 creatures vanquished.

Notes
Turn   | Place    | Note
-------+----------+-------------------------------------------
     0 | D:1      | TittyCrusher the Troll Berserker began the quest for the Orb.
     0 | D:1      | Reached XP level 1. HP: 22/22 MP: 0/0
   554 | D:1      | Reached ** piety under Trog
   942 | D:2      | Found a staircase to the Ecumenical Temple.
  1735 | D:2      | Found a faded altar of an unknown god.
  2253 | D:3      | Reached *** piety under Trog
  2306 | D:3      | Slain by a gnoll

Action                   || total
-------------------------++-------
Melee: Unarmed           ||   175
       Punch             ||     3
Invok: Berserk           ||     5
 Stab: Sleeping          ||     1
  Eat: Chunk             ||     6
Armor: Animal skin       ||    16
Dodge: Dodged            ||    52
